 Dungeon Crawl Stone Soup version 0.17-a0-854-g4a4ba72 (webtiles) character file.

301270 namelastname112 the Sharpshooter (level 20, -4/187 HPs)
             Began as a Black Draconian Gladiator on Apr 28, 2015.
             Was the Champion of Okawaru.
             Slain by an ogre mage
             ... wielding a cursed -3 halberd
              (16 damage)
             ... while paralysed by an ogre mage
             ... on level 1 of the Vaults.
             The game lasted 02:25:22 (57006 turns).

namelastname112 the Sharpshooter (DrGl)            Turns: 57006, Time: 02:25:22

Health: -4/187     AC: 18    Str: 25    XL:     20   Next: 19%
Magic:  19/19      EV:  2    Int: 14    God:    Okawaru [******]
Gold:   2460       SH:  0    Dex: 34    Spells: 4 memorised, 3 levels left

rFire  . . .     SeeInvis .     a - +5 lajatang (elec)
rCold  + . .     Clarity  .     (armour unavailable)
rNeg   . . .     SustAb   .     (no shield)
rPois  +         Gourm    .     M - +1 hat
rElec  +         Spirit   .     m - +0 cloak of Evolution {rPois Str+6 Dex+7}
rCorr  .         Warding  .     x - +1 pair of gloves of Teng {Str+2 Int+3}
rMut   .         Stasis   .     Y - +0 pair of boots of Xakelag {Dex+4}
MR     +....                    O - amulet of faith
Stlth  +++.......               o - +3 ring of slaying
                                h - +3 ring of protection (curse)

@: paralysed, flying, somewhat resistant to hostile enchantments, fairly
stealthy
A: breathe lightning, unfitting armour, big wings, hooves 1, horns 1, stinger 1,
agile 2, cold resistance 1, low mp 1, mutation resistance 1, electricity
resistance, cold-blooded, AC +10
a: Breathe Lightning, Stop Flying, Heroism, Finesse, Renounce Religion
}: 2/15 runes: decaying, serpentine


You were on level 1 of the Vaults.
You worshipped Okawaru.
Okawaru was exalted by your worship.
You were hungry.

You visited 8 branches of the dungeon, and saw 40 of its levels.
You visited the Abyss 1 time.
You also visited: Volcano and Wizlab.

You collected 4547 gold pieces.
You spent 2087 gold pieces at shops.

Inventory:

Hand weapons
 a - a +5 lajatang of electrocution (weapon)
 b - a +2 arbalest of flaming
 T - the cursed +9 Sword of Zonguldrok {reap, Curse}
   (You found it in a wizard's laboratory)

   If a monster killed with it leaves a corpse in good enough shape, the corpse
   will be animated as a zombie friendly to the killer.
   It may re-curse itself when equipped.
   It has a curse placed upon it.
Missiles
 c - 4 throwing nets
 i - 10 javelins (quivered)
 n - 48 bolts of flame
 v - 18 bolts of penetration
 G - 16 silver bolts
 I - 127 bolts
 R - 44 steel bolts
 U - 90 poisoned bolts
 V - 32 bolts of frost
Armour
 m - the +0 cloak of Evolution (worn) {rPois Str+6 Dex+7}
   (Okawaru gifted it to you on level 8 of the Lair of Beasts)

   It affects your strength (+6).
   It affects your dexterity (+7).
   It protects you from poison.
 x - the +1 pair of gloves of Teng (worn) {Str+2 Int+3}
   (You found it on level 2 of the Lair of Beasts)

   It affects your strength (+2).
   It affects your intelligence (+3).
 M - a +1 hat (worn)
 Y - the +0 pair of boots of Xakelag (worn) {Dex+4}
   (Okawaru gifted it to you on level 4 of the Swamp)

   It affects your dexterity (+4).
Jewellery
 h - a cursed +3 ring of protection (left hand)
 o - a +3 ring of slaying (right hand)
 O - an amulet of faith (around neck)
Magical devices
 t - a wand of teleportation (1)
 w - a wand of hasting (8)
 y - a wand of fire (3)
 B - a wand of heal wounds (0)
 H - a wand of teleportation (3)
 Q - a wand of draining (13)
 S - a wand of digging (18)
Scrolls
 e - 13 scrolls of identify
 g - 7 scrolls of magic mapping
 l - a scroll of fear
 q - 2 scrolls of recharging
 A - 15 scrolls of remove curse
 D - 4 scrolls of amnesia
 J - 4 scrolls of fog
 K - a scroll of blinking
 L - 7 scrolls of teleportation
 P - a scroll of brand weapon
 W - 2 scrolls of summoning
Potions
 f - 3 potions of heal wounds
 j - 2 potions of might
 k - 6 potions of magic
 p - 7 potions of curing
 r - a potion of cancellation
 s - 4 potions of resistance
 u - 3 potions of agility
 C - 3 potions of invisibility
 E - a potion of haste
 F - a potion of restore abilities
 N - a potion of cure mutation
 Z - a potion of berserk rage
Miscellaneous
 X - a phial of floods
Comestibles
 d - 24 bread rations
 z - 5 fruits


   Skills:
 - Level 17.8 Fighting
 - Level 16.9 Staves
 - Level 20.0 Crossbows
 - Level 1.7 Throwing
 - Level 15.4 Dodging
 + Level 1.0 Spellcasting
 + Level 1.0 Charms
 + Level 1.1 Translocations
 + Level 1.0 Air Magic
 + Level 1.2 Invocations


You had 3 spell levels left.
You knew the following spells:

 Your Spells              Type           Power        Failure   Level  Hunger
a - Apportation           Tloc           #.........   21%         1    ##.....
b - Silence               Hex/Air        #.........   100%        5    ######.
c - Deflect Missiles      Chrm/Air       #.........   100%        6    #######
d - Conjure Ball Lightni  Conj/Air       #.........   100%        6    #######


Dungeon Overview and Level Annotations

Branches:
Dungeon (15/15)            Temple (1/1) D:4            Lair (8/8) D:10
  Swamp (4/4) Lair:3        Snake (4/4) Lair:5        Slime (0/6) Lair:6
    Orc (4/4) D:12            Elf (3/3) Orc:3        Vaults (1/5) D:14
 Depths (0/5) D:15

Altars:
Ashenzari
Cheibriados
Dithmenos
Elyvilon
Fedhas
Gozag
Kikubaaqudgha
Makhleb
Nemelex Xobeh
Okawaru
Qazlal
Ru
Sif Muna
Trog
Vehumet
Xom
Yredelemnul
Zin
The Shining One
Beogh
Jiyva

Shops:
D:4 (   D:6 *   D:7 (   D:11 [   Orc:4 *?*}?   Elf:2 !   Elf:3 :   Snake:2 ?
Snake:4 }   Vaults:1 :

Annotations:
Elf:3 1 exclusion


Innate Abilities, Weirdness & Mutations

You can breathe wild blasts of lightning.
Your glossy black scales are hard (AC +10).
Your body does not fit into most forms of armour.
Your large and strong wings let you fly indefinitely.
You are resistant to electric shocks.
You are cold-blooded and may be slowed by cold attacks.
You have large cloven feet.
You have a pair of small horns on your head.
Your tail ends in a poisonous barb.
You are very agile. (Dex +4)
Your flesh is cold resistant.
Your magical capacity is low (-10% MP).
You are somewhat resistant to further mutation.


Message History

The ogre mage gestures at you while chanting.
You suddenly lose the ability to move!
The ogre mage is no longer moving quickly.
The ogre mage hits you but does no damage.
The ogre mage hits you from afar with a halberd!
* * * LOW HITPOINT WARNING * * *
The ogre mage hits you but does no damage.
The ogre mage completely misses you.
The ogre mage hits you but does no damage.
The rakshasa hits you with a trident!!
* * * LOW HITPOINT WARNING * * *
The ogre mage hits you from afar with a halberd!
* * * LOW HITPOINT WARNING * * *
The ogre mage hits you with a halberd.
* * * LOW HITPOINT WARNING * * *
The ogre mage hits you but does no damage.
The ogre mage hits you from afar with a halberd.
* * * LOW HITPOINT WARNING * * *
The ogre mage hits you from afar with a halberd!
You die...

##########################
..........................
..........)................
#.......######............
#.......#.# #............
###.....#)####............
#.....#@.O##............
#....CROOO##............
#.....#.####......##'###
#.....#.# #......#....#
#.....#.. #....(.#.####
#.....#... #......#.#...
#.?...#.####......#.#...
..%..#.# #......#..#..
....#.. #......#.##..


You could see a fire giant, a rakshasa and 4 ogre magi.

Vanquished Creatures
  An ancient lich (WizLab)
  A fire giant (Vaults:1)
  A bone dragon (Swamp:4)
  Jorgrun (Snake:2)
  2 liches (Abyss:1)
  10 tentacled starspawn (Abyss:1)
  An Executioner (Abyss:1)
  2 thorn hunters (Swamp:4)
  An ancient champion (WizLab)
  12 greater nagas
  A frost giant (Vaults:1)
  Aizul (Snake:1)
  Louise (Swamp:3)
  A vault warden (Vaults:1)
  3 ironheart preservers (Vaults:1)
  A very ugly thing (Abyss:1)
  3 deep elf demonologists
  2 lorocyprocas (Abyss:1)
  A deep elf annihilator (Elf:3)
  2 ettins (Vaults:1)
  A fire dragon (Vaults:1)
  A deep elf death mage (Elf:3)
  A deep elf high priest (Elf:3)
  A rakshasa (Abyss:1)
  9 hydras
  3 ghost crabs
  22 naga warriors
  2 alligators (Swamp:4)
  2 ogre magi (Vaults:1)
  3 catoblepae (Lair:8)
  8 anacondas
  6 dancing weapons (Elf:2)
  14 death yaks
  3 thrashing horrors (Abyss:1)
  A spriggan berserker (Swamp:2)
  15 naga sharpshooters
  2 orc high priests
  A hell hog (Abyss:1)
  A sun demon (Elf:2)
  10 shock serpents
  3 salamander mystics
  13 sea snakes
  7 wretched stars (Abyss:1)
  11 deep elf knights
  An unseen horror (D:14)
  2 fire crabs
  13 skeletal warriors
  A storm dragon skeleton (Abyss:1)
  3 wizards (D:15)
  2 death drakes
  11 deep elf summoners
  2 swamp dragons
  8 naga ritualists
  4 orc knights
  3 shambling mangroves
  A spectral hydra (Swamp:4)
  A phantasmal warrior (Swamp:4)
  2 ugly things
  3 hill giants
  2 necromancers
  A lindwurm (Volcano)
  12 salamanders
  12 mana vipers
  7 deep elf conjurers
  3 griffons (D:12)
  2 wolf spiders (Vaults:1)
  4 cyclopes
  A fire giant zombie (Abyss:1)
  2 sixfirhies (Abyss:1)
  An elephant (Swamp:2)
  7 centaur zombies
  A manticore (D:15)
  3 hornets
  5 orc sorcerers
  A toenail golem (Volcano)
  An apocalypse crab (Abyss:1)
  8 guardian serpents
  5 worldbinders (Abyss:1)
  Joseph (D:7)
  5 molten gargoyles
  5 smoke demons (Abyss:1)
  A gargoyle (D:13)
  43 black mambas
  A black mamba (shapeshifter) (D:13)
  12 spiny frogs
  23 naga magi
  An eye of devastation (Abyss:1)
  3 orange demons (Abyss:1)
  3 vault sentinels (Vaults:1)
  4 centaur skeletons
  A kobold demonologist (D:12)
  5 swamp worm zombies (Swamp:4)
  15 large abominations (Abyss:1)
  6 freezing wraiths
  A demonic crawler (Elf:1)
  A komodo dragon (Lair:2)
  4 trolls
  4 spriggan druids
  4 fire drakes
  3 ancient zymes (Abyss:1)
  9 deep elf priests
  A polar bear (shapeshifter) (Elf:3)
  5 hydra zombies (Swamp:4)
  A jumping spider (Elf:1)
  4 giant leeches
  8 polar bears
  Grinder (D:4)
  6 two-headed ogres
  6 ravens
  17 slime creatures
  2 baby alligators (Swamp:4)
  6 bog bodies
  An ice dragon zombie (Abyss:1)
  17 raiju (Abyss:1)
  5 spectral swamp dragons (Swamp:4)
  A hornet zombie (D:14)
  4 alligator zombies (Swamp:4)
  22 blink frogs
  6 flying skulls (Abyss:1)
  A spriggan (shapeshifter) (Abyss:1)
  Sigmund (D:5)
  20 starcursed masses (Abyss:1)
  24 deep elf magi
  8 shadows
  3 ynoxinuls (Abyss:1)
  11 spriggans
  35 yaks
  5 fire bats (Abyss:1)
  3 redbacks (Elf:1)
  6 basilisks
  2 wraiths
  4 hill giant zombies (WizLab)
  3 chaos spawn (Abyss:1)
  12 hippogriffs
  Eustachio (D:6)
  A hippogriff (shapeshifter) (D:14)
  2 neqoxecs (Abyss:1)
  5 vampires
  3 fire elementals (Volcano)
  Grum (D:11)
  4 wyverns
  18 deep elf fighters
  81 nagas
  2 golden eyes (Abyss:1)
  26 vampire mosquitoes
  2 hungry ghosts (D:13)
  2 mottled dragons
  7 insubstantial wisps (Swamp:4)
  28 wolves
  23 swamp worms
  Duvessa (D:6)
  15 water moccasins
  33 orc warriors
  14 porcupines
  A black bear (shapeshifter) (Abyss:1)
  3 ice beasts
  16 ogres
  A hornet simulacrum (D:15)
  2 eyes of draining (Abyss:1)
  12 black bears
  4 swamp drakes
  A necrophage (D:8)
  4 centaurs
  A sky beast (D:14)
  5 phantoms
  11 wasps
  2 swamp dragon zombies (Swamp:4)
  4 big kobolds
  15 crocodiles
  A manticore skeleton (Abyss:1)
  4 boring beetles
  Blork the orc (D:4)
  26 giant frogs
  3 brain worms (Abyss:1)
  Dowan (D:6)
  A wyvern skeleton (D:13)
  5 scorpions
  A water moccasin skeleton (D:7)
  An electric eel (Lair:3)
  6 troll zombies (WizLab)
  10 small abominations (Abyss:1)
  14 wights
  5 lava snakes (D:14)
  3 quasits
  2 jellies
  12 crimson imps
  A giant frog zombie (D:12)
  8 hounds
  8 killer bees
  2 iron imps (Abyss:1)
  37 orc priests
  Crazy Yiuf (D:3)
  2 giant frog skeletons
  51 orc wizards
  4 hell rats (Elf:1)
  Terence (D:3)
  11 iguanas
  10 worker ants
  A spectral swamp drake (Swamp:4)
  6 ogre zombies (WizLab)
  9 sheep
  3 worker ant zombies
  2 hound skeletons
  Robin (D:2)
  14 adders
  50 river rats
  A swamp drake zombie (Swamp:4)
  9 gnolls
  4 shadow imps
  4 white imps (Abyss:1)
  5 ufetubi (Abyss:1)
  An ooze (D:5)
  4 worms
  7 giant geckos
  190 orcs
  6 ball pythons
  18 bats
  A bat zombie (D:6)
  6 giant cockroaches
  61 goblins
  47 hobgoblins
  11 jackals
  5 quokkas
  3 giant gecko skeletons
  5 giant newts
  2 giant spores
  28 kobolds
  A kobold zombie (Abyss:1)
  A quokka skeleton (D:5)
  15 rats
  A spectral orc (D:2)
  6 ballistomycetes
  A fungus (Lair:8)
  A plant (D:10)
  6 starspawn tentacles (Abyss:1)
1848 creatures vanquished.

Vanquished Creatures (collateral kills)
  A spiny frog (Lair:5)
  A komodo dragon (Lair:5)
2 creatures vanquished.

Vanquished Creatures (others)
  A black mamba (Lair:6)
  A deep elf mage (Elf:1)
  A small abomination (Abyss:1)
  A large abomination (Abyss:1)
  A jelly (Abyss:1)
  A hell rat (Elf:2)
  A white imp (Abyss:1)
  An ufetubus (Abyss:1)
  A giant spore (D:14)
  A goblin (D:2)
  A briar patch (Swamp:4)
  7 plants
  20 starspawn tentacles (Abyss:1)
  214 starspawn tentacle segments (Abyss:1)
252 creatures vanquished.

Grand Total: 2102 creatures vanquished

Notes
Turn   | Place    | Note
--------------------------------------------------------------
     0 | D:1      | namelastname112, the Draconian Gladiator, began the quest for the Orb.
     0 | D:1      | Reached XP level 1. HP: 17/17 MP: 1/1
   158 | D:1      | Reached XP level 2. HP: 25/25 MP: 2/2
   684 | D:1      | Reached XP level 3. HP: 27/30 MP: 3/3
  1140 | D:2      | Noticed Robin
  1172 | D:2      | Reached XP level 4. HP: 25/38 MP: 4/4
  1331 | D:2      | Killed Robin
  1613 | D:2      | Reached skill level 4 in Staves
  1984 | D:2      | Reached XP level 5. HP: 18/45 MP: 5/5
  2091 | D:2      | Found a blossoming altar of Fedhas.
  2239 | D:2      | Found a basalt altar of Yredelemnul.
  2386 | D:2      | Found a sparkling altar of Nemelex Xobeh.
  2504 | D:3      | Found a stormy altar of Qazlal.
  2831 | D:3      | Noticed Terence
  2845 | D:3      | Killed Terence
  2845 | D:3      | Reached skill level 5 in Staves
  2845 | D:3      | Reached XP level 6. HP: 35/52 MP: 6/6
  2882 | D:3      | Found a burning altar of Makhleb.
  2882 | D:3      | Noticed a cacodemon
  2885 | D:3      | Found a glowing silver altar of Zin.
  2885 | D:3      | Noticed an angel
  2939 | D:3      | Noticed Crazy Yiuf
  2943 | D:3      | Killed Crazy Yiuf
  3237 | D:4      | Found Cuuduxue's Weapon Shop.
  3267 | D:4      | Bought a +1 hand crossbow of flaming for 146 gold pieces
  3268 | D:4      | Noticed Blork the orc
  3285 | D:4      | Killed Blork the orc
  3289 | D:4      | Reached skill level 1 in Crossbows
  3480 | D:4      | Found a staircase to the Ecumenical Temple.
  3510 | D:5      | Entered Level 5 of the Dungeon
  3671 | D:5      | Found a glowing golden altar of the Shining One.
  3752 | D:5      | Noticed Sigmund
  3776 | D:5      | Killed Sigmund
  3776 | D:5      | Your scales start taking on a glossy black colour.
  3776 | D:5      | Gained mutation: You are resistant to electric shocks. [Black Draconian growth]
  3776 | D:5      | Reached XP level 7. HP: 28/60 MP: 7/7
  3834 | Temple   | Entered the Ecumenical Temple
  4013 | D:4      | Noticed Grinder
  4017 | D:4      | Paralysed by Grinder for 4 turns
  4030 | D:4      | Killed Grinder
  4030 | D:4      | Reached skill level 5 in Fighting
  4153 | D:4      | Reached skill level 6 in Staves
  4153 | D:4      | Reached skill level 5 in Dodging
  4153 | D:4      | Reached XP level 8. HP: 66/68 MP: 8/8
  4562 | D:4      | Found a radiant altar of Vehumet.
  4648 | D:5      | Found an iron altar of Okawaru.
  4657 | D:5      | Became a worshipper of Warmaster Okawaru
  4734 | D:5      | Noticed Edmund
  4751 | D:5      | Noticed Edmund
  4751 | D:5      | Edmund changed into Edmund the wasp
  4753 | D:5      | Killed Edmund the wasp
  5074 | D:5      | Found a deep blue altar of Sif Muna.
  5376 | D:6      | Found Rusicyd's Retail Resort.
  5554 | D:6      | Acquired Okawaru's first power
  5582 | D:6      | Noticed Eustachio
  5598 | D:6      | Killed Eustachio
  5749 | D:6      | Noticed Dowan
  5752 | D:6      | Noticed Duvessa
  5763 | D:6      | Killed Duvessa
  5763 | D:6      | Reached skill level 5 in Crossbows
  5766 | D:6      | Killed Dowan
  5822 | D:6      | Reached XP level 9. HP: 52/78 MP: 9/9
  6344 | D:6      | Gained mutation: You have sharp toenails. [potion of beneficial mutation]
  6389 | D:7      | Reached skill level 7 in Staves
  6474 | D:7      | Noticed Joseph
  6487 | D:7      | Killed Joseph
  7500 | D:7      | Found Ciq Xuuw's Antique Weapon Boutique.
  7523 | D:7      | Bought an arbalest for 108 gold pieces
  7602 | D:8      | Found a bloodstained altar of Trog.
  8300 | D:9      | Found an opulent altar of Gozag.
  8610 | D:9      | Reached XP level 10. HP: 82/88 MP: 10/10
  8744 | D:9      | Noticed a centaur zombie
  8753 | D:9      | Killed a centaur zombie
  8753 | D:9      | Reached skill level 8 in Staves
  8947 | D:10     | Entered Level 10 of the Dungeon
  9194 | D:10     | Noticed a hill giant
  9206 | D:10     | Killed a hill giant
  9469 | D:10     | Noticed a fire crab
  9469 | D:10     | a troll changed into a fire crab
  9473 | D:10     | Killed a fire crab
  9473 | D:10     | Received a gift from Okawaru
 10030 | D:10     | Received a gift from Okawaru
 10348 | D:10     | Found a staircase to the Lair.
 10700 | D:11     | Found Valluopyukh's Armour Shop.
 10700 | D:11     | Noticed a cyan ugly thing
 10892 | D:10     | Identified a scroll of acquirement
 10908 | D:11     | Killed a cyan ugly thing
 10908 | D:11     | Acquired Okawaru's second power
 10908 | D:11     | Reached skill level 9 in Crossbows
 11173 | D:11     | Reached XP level 11. HP: 73/95 MP: 11/11
 11365 | D:11     | Received a gift from Okawaru
 11917 | D:11     | Noticed Grum
 11932 | D:11     | Killed Grum
 12840 | D:12     | Found a staircase to the Orcish Mines.
 13160 | D:12     | Found a huge runed gate.
 13160 | D:12     | Found a huge runed gate.
 13160 | D:12     | Found a huge runed gate.
 13160 | D:12     | Found a huge runed gate.
 13214 | D:12     | Received a gift from Okawaru
 13235 | D:12     | Reached skill level 10 in Crossbows
 13686 | D:12     | Received a gift from Okawaru
 14105 | Lair:1   | Entered Level 1 of the Lair of Beasts
 14296 | Lair:1   | Reached skill level 10 in Fighting
 14296 | Lair:1   | Reached skill level 10 in Staves
 14302 | Lair:1   | Reached XP level 12. HP: 79/106 MP: 12/12
 15081 | Lair:2   | Found a dark tunnel.
 15093 | Volcano  | Entered a volcano
 15323 | Volcano  | Reached skill level 11 in Crossbows
 16182 | Lair:2   | Got a pair of faintly humming gloves
 16188 | Lair:2   | Identified the +1 pair of gloves of Teng {Str+2 Int+3} (You found it on level 2 of the Lair of Beasts)
 17053 | Lair:3   | Found a staircase to the Swamp.
 17694 | Lair:3   | Received a gift from Okawaru
 17978 | Lair:4   | Reached skill level 12 in Crossbows
 18284 | Lair:4   | Reached XP level 13. HP: 83/116 MP: 13/13
 18437 | Lair:4   | Noticed a five-headed hydra
 18505 | Lair:4   | Killed a five-headed hydra
 18620 | Lair:4   | Reached skill level 10 in Dodging
 19335 | Lair:5   | Found a staircase to the Snake Pit.
 19534 | Lair:5   | Received a gift from Okawaru
 19537 | Lair:5   | Got a polished executioner's axe {god gift}
 19538 | Lair:5   | Identified the +6 executioner's axe of Wounding {antimagic, rN+ MP+9} (Okawaru gifted it to you on level 5 of the Lair of Beasts)
 20529 | Lair:6   | Reached skill level 13 in Crossbows
 20739 | Lair:6   | Received a gift from Okawaru
 20845 | Lair:6   | Found a viscous altar of Jiyva.
 20845 | Lair:6   | Found a staircase to the Slime Pits.
 21112 | Lair:6   | Got a jewelled quarterstaff
 21113 | Lair:6   | Identified the +1 quarterstaff "Kiciup" {freeze, *Rage Dex+3} (You found it on level 6 of the Lair of Beasts)
 21286 | Lair:7   | Received a gift from Okawaru
 22325 | Lair:8   | Entered Level 8 of the Lair of Beasts
 22465 | Lair:8   | Gained mutation: Your large and strong wings let you fly indefinitely. [Black Draconian growth]
 22465 | Lair:8   | Reached XP level 14. HP: 126/126 MP: 14/14
 22494 | Lair:8   | Received a gift from Okawaru
 22497 | Lair:8   | Got a spiked cloak {god gift}
 22508 | Lair:8   | Identified the +0 cloak of Evolution {rPois Str+6 Dex+7} (Okawaru gifted it to you on level 8 of the Lair of Beasts)
 23475 | Lair:8   | Reached skill level 14 in Crossbows
 24274 | Orc:1    | Entered Level 1 of the Orcish Mines
 24291 | Orc:1    | Found a roughly hewn altar of Beogh.
 25661 | Orc:3    | Found a staircase to the Elven Halls.
 25848 | Orc:4    | Entered Level 4 of the Orcish Mines
 26006 | Orc:4    | Found Cotrick's Magic Scroll Emporium.
 26631 | Orc:4    | Found Eduffedgh's Assorted Antiques.
 26631 | Orc:4    | Found Doetsevvat's Magic Scroll Shop.
 26639 | Orc:4    | Paralysed by an orc sorcerer for 6 turns
 26647 | Orc:4    | Received a gift from Okawaru
 27036 | Orc:4    | Found Negisin's Assorted Antiques.
 27048 | Orc:4    | Found Foys's Gadget Boutique.
 27137 | Orc:4    | Bought a scroll of acquirement for 1768 gold pieces
 27582 | D:13     | Received a gift from Okawaru
 27864 | D:13     | Gained mutation: Your spells are a little harder to cast, but a little more powerful. [mutagenic meat]
 27865 | D:13     | Gained mutation: Your muscles are strong. (Str +2) [mutagenic meat]
 27866 | D:13     | Gained mutation: Your magical capacity is low (-10% MP). [mutagenic meat]
 27929 | D:13     | Received a gift from Okawaru
 28438 | D:13     | Received a gift from Okawaru
 28441 | D:13     | Got a scorched cloak {god gift}
 28452 | D:13     | Identified the +0 cloak "Zurej" {Contam rPois Dex+8 Stlth-} (Okawaru gifted it to you on level 13 of the Dungeon)
 28933 | D:14     | Reached XP level 15. HP: 93/136 MP: 13/13
 29383 | D:14     | Found a gate to the Vaults.
 29800 | D:15     | Entered Level 15 of the Dungeon
 29807 | D:15     | Found a deep blue altar of Sif Muna.
 29886 | D:15     | Reached skill level 15 in Crossbows
 30854 | D:15     | Found an ancient bone altar of Kikubaaqudgha.
 31024 | D:15     | Found a staircase to the Depths.
 31053 | D:15     | Gained mutation: You possess an exceptional clarity of mind. [potion of beneficial mutation]
 31360 | Elf:1    | Entered Level 1 of the Elven Halls
 31870 | Elf:1    | Received a gift from Okawaru
 32305 | Elf:1    | Identified the Tome of the Entourage (You found it on level 1 of the Elven Halls)
 32710 | Elf:2    | Found Duacsue's Distillery.
 32731 | Elf:2    | Received a gift from Okawaru
 32868 | Elf:2    | Bought a potion of heal wounds for 65 gold pieces
 32904 | Elf:2    | Cast into the Abyss (a deep elf demonologist)
 32906 | Abyss:1  | Found a corrupted altar of Lugonu.
 33620 | Abyss:1  | Noticed a tentacled starspawn
 33629 | Abyss:1  | Killed a tentacled starspawn
 34039 | Abyss:1  | Reached XP level 16. HP: 131/131 MP: 14/14
 34134 | Abyss:1  | Noticed a tentacled monstrosity
 34216 | Abyss:1  | Found a corrupted altar of Lugonu.
 34273 | Abyss:1  | Noticed a bone dragon
 34317 | Abyss:1  | Noticed a tentacled starspawn
 34326 | Abyss:1  | Killed a tentacled starspawn
 34426 | Abyss:1  | Reached skill level 16 in Crossbows
 34578 | Abyss:1  | Noticed a tentacled starspawn
 34592 | Abyss:1  | Killed a tentacled starspawn
 34657 | Abyss:1  | Paralysed by accursed screaming for 1 turns
 34766 | Abyss:1  | Noticed a hellephant
 34890 | Abyss:1  | Noticed a tentacled starspawn
 34898 | Abyss:1  | Killed a tentacled starspawn
 35197 | Abyss:1  | Noticed a lich
 35293 | Abyss:1  | Noticed a profane servitor
 35573 | Abyss:1  | Noticed a tentacled starspawn
 35594 | Abyss:1  | Killed a tentacled starspawn
 35735 | Abyss:1  | Noticed a profane servitor
 35742 | Abyss:1  | Found a roughly hewn altar of Beogh.
 35888 | Abyss:1  | Noticed a tentacled starspawn
 35895 | Abyss:1  | Killed a tentacled starspawn
 35983 | Abyss:1  | Received a gift from Okawaru
 36429 | Abyss:1  | Received a gift from Okawaru
 36507 | Abyss:1  | Noticed an Executioner
 36517 | Abyss:1  | Killed an Executioner
 36786 | Abyss:1  | Lost mutation: Your muscles are strong. (Str +2) [a neqoxec]
 36857 | Abyss:1  | Noticed a tentacled starspawn
 36866 | Abyss:1  | Killed a tentacled starspawn
 37061 | Abyss:1  | Noticed a tentacled starspawn
 37085 | Abyss:1  | Killed a tentacled starspawn
 37123 | Abyss:1  | Reached skill level 15 in Fighting
 37217 | Abyss:1  | Noticed a tentacled starspawn
 37231 | Abyss:1  | Killed a tentacled starspawn
 37385 | Abyss:1  | Noticed a lich
 37385 | Abyss:1  | Noticed a tentacled starspawn
 37400 | Abyss:1  | Killed a lich
 37502 | Abyss:1  | Found a corrupted altar of Lugonu.
 37535 | Abyss:1  | Noticed a tentacled starspawn
 37539 | Abyss:1  | Found a radiant altar of Vehumet.
 37558 | Abyss:1  | Killed a tentacled starspawn
 37558 | Abyss:1  | Reached XP level 17. HP: 106/156 MP: 15/15
 37633 | Abyss:1  | Reached skill level 17 in Crossbows
 37769 | Abyss:1  | Noticed a lich
 37780 | Abyss:1  | Killed a lich
 37780 | Abyss:1  | Received a gift from Okawaru
 37790 | Abyss:1  | Paralysed by accursed screaming for 1 turns
 37792 | Abyss:1  | Gained mutation: You expend magic power (3 MP) to strengthen your wands. [a neqoxec]
 37795 | Abyss:1  | Noticed a hellephant
 37797 | Abyss:1  | Paralysed by accursed screaming for 1 turns
 37804 | Abyss:1  | Paralysed by accursed screaming for 2 turns
 37953 | Elf:2    | Escaped the Abyss
 37965 | Elf:2    | Lost mutation: Your magical capacity is low (-10% MP). [potion of cure mutation]
 37965 | Elf:2    | Lost mutation: You have sharp toenails. [potion of cure mutation]
 37965 | Elf:2    | Lost mutation: Your spells are a little harder to cast, but a little more powerful. [potion of cure mutation]
 37965 | Elf:2    | Lost mutation: You expend magic power (3 MP) to strengthen your wands. [potion of cure mutation]
 37965 | Elf:2    | Lost mutation: You possess an exceptional clarity of mind. [potion of cure mutation]
 38555 | Elf:2    | Found a runed gate.
 38559 | Elf:2    | Found a runed gate.
 38569 | Elf:2    | Found a runed gate.
 39430 | Elf:3    | Entered Level 3 of the Elven Halls
 39721 | Elf:3    | Found Nafeipaewk's Book Shoppe.
 39731 | Elf:3    | Found a shimmering altar of Xom.
 40462 | Swamp:1  | Entered Level 1 of the Swamp
 40866 | Swamp:1  | Reached skill level 15 in Staves
 41260 | Swamp:1  | Received a gift from Okawaru
 41896 | Swamp:2  | Received a gift from Okawaru
 43640 | Swamp:3  | Noticed Louise
 43656 | Swamp:3  | Killed Louise
 44114 | Swamp:4  | Entered Level 4 of the Swamp
 45087 | Swamp:4  | Noticed a bone dragon
 45315 | Swamp:4  | Received a gift from Okawaru
 45322 | Swamp:4  | Got a pair of bloodstained boots {god gift}
 45333 | Swamp:4  | Identified the +0 pair of boots of Xakelag {Dex+4} (Okawaru gifted it to you on level 4 of the Swamp)
 45478 | Swamp:4  | Reached skill level 18 in Crossbows
 45631 | Swamp:4  | Killed a bone dragon
 45631 | Swamp:4  | Reached XP level 18. HP: 42/166 MP: 18/18
 46064 | Swamp:4  | Got a decaying rune of Zot
 46867 | Snake:1  | Entered Level 1 of the Snake Pit
 47208 | Snake:1  | Gained mutation: Your tail ends in a poisonous barb. [mutagenic meat]
 47209 | Snake:1  | Gained mutation: Your magical capacity is low (-10% MP). [mutagenic meat]
 47210 | Snake:1  | Gained mutation: Your flesh is cold resistant. [mutagenic meat]
 47211 | Snake:1  | Gained mutation: You are somewhat resistant to further mutation. [mutagenic meat]
 47234 | Snake:1  | Noticed Aizul
 47255 | Snake:1  | Killed Aizul
 47268 | Snake:1  | Gained mutation: You have a pair of small horns on your head. [mutagenic meat]
 48296 | Snake:2  | Found Ropigy's Magic Scroll Shop.
 48312 | Snake:2  | Gained mutation: You have large cloven feet. [potion of mutation]
 48581 | Snake:2  | Received a gift from Okawaru
 48601 | Snake:2  | Got a crystal quarterstaff {god gift}
 48602 | Snake:2  | Identified the +1 quarterstaff of the Warrior-Mage {crush, MP+9 Dex+6} (Okawaru gifted it to you on level 2 of the Snake Pit)
 48828 | Snake:2  | Noticed Jorgrun
 48839 | Snake:2  | Killed Jorgrun
 49219 | Snake:2  | Received a gift from Okawaru
 49958 | Snake:3  | Received a gift from Okawaru
 50989 | Snake:3  | Reached XP level 19. HP: 159/174 MP: 17/17
 51208 | Snake:4  | Entered Level 4 of the Snake Pit
 51239 | Snake:4  | Reached skill level 19 in Crossbows
 51268 | Snake:4  | Received a gift from Okawaru
 51296 | Snake:4  | Gained mutation: You are agile. (Dex +2) [mutagenic meat]
 51595 | Snake:4  | Found Cupiora's Gadget Shop.
 52147 | Snake:4  | Received a gift from Okawaru
 53375 | Snake:4  | Gained mutation: You are very agile. (Dex +4) [mutagenic meat]
 53618 | Snake:4  | Reached skill level 15 in Dodging
 53860 | Snake:4  | Received a gift from Okawaru
 54970 | Snake:4  | Got a serpentine rune of Zot
 55614 | Vaults:1 | Entered Level 1 of the Vaults
 55635 | Vaults:1 | Received a gift from Okawaru
 55732 | Vaults:1 | Found a magical portal.
 55765 | Vaults:1 | Found Muli's Book Shoppe.
 55782 | WizLab   | Entered Zonguldrok's Shrine
 55923 | WizLab   | Received a gift from Okawaru
 56146 | WizLab   | Reached XP level 20. HP: 105/187 MP: 18/18
 56328 | WizLab   | Noticed an antique lich
 56337 | WizLab   | Killed an antique lich
 56462 | WizLab   | Learned a level 1 spell: Apportation
 56471 | WizLab   | Learned a level 5 spell: Silence
 56478 | WizLab   | Learned a level 6 spell: Deflect Missiles
 56485 | WizLab   | Learned a level 6 spell: Conjure Ball Lightning
 56783 | Vaults:1 | Reached skill level 20 in Crossbows
 56965 | Vaults:1 | Reached skill level 1 in Translocations
 56981 | Vaults:1 | Reached skill level 1 in Spellcasting
 56981 | Vaults:1 | Reached skill level 1 in Charms
 56981 | Vaults:1 | Reached skill level 1 in Air Magic
 56981 | Vaults:1 | Reached skill level 1 in Invocations
 57003 | Vaults:1 | Paralysed by an ogre mage for 6 turns
 57006 | Vaults:1 | Slain by an ogre mage

Action                   |  1- 3 |  4- 6 |  7- 9 | 10-12 | 13-15 | 16-18 | 19-21 || total
-------------------------+-------+-------+-------+-------+-------+-------+-------++-------
Melee: Quarterstaff      |   108 |   294 |   493 |   707 |  1931 |   937 |       ||  4470
       Lajatang          |       |       |       |    23 |    80 |   983 |   534 ||  1620
 Fire: Arbalest          |       |       |     4 |   202 |   178 |    98 |   141 ||   623
Throw: Javelin           |       |     6 |       |       |     4 |       |       ||    10
       Throwing net      |       |     3 |       |       |       |       |       ||     3
Invok: Heroism           |       |       |       |       |       |     1 |     1 ||     2
 Abil: Breathe Lightning |       |       |       |     2 |     3 |     1 |       ||     6
       Fly               |       |       |       |       |     1 |     2 |       ||     3
Evoke: Wand              |       |     1 |       |       |     1 |    19 |     4 ||    25
       Deck              |       |       |       |       |    13 |     2 |       ||    15
  Use: Scroll            |       |       |    20 |    15 |    12 |    25 |     3 ||    75
       Potion            |       |       |     1 |     2 |     7 |     8 |     1 ||    19
 Stab: Paralysed         |       |     4 |     1 |     4 |       |       |       ||     9
       Confused          |       |     2 |     3 |     4 |       |     1 |       ||    10
       Petrified         |       |       |     1 |     1 |       |       |       ||     2
       Petrifying        |       |       |     1 |     4 |       |       |       ||     5
       Sleeping          |       |       |       |     8 |    10 |     3 |     1 ||    22
       Distracted        |       |       |       |       |     2 |     7 |     2 ||    11
       Invisible         |       |       |       |       |       |     5 |       ||     5
  Eat: Chunk             |     1 |     7 |    10 |    17 |    27 |    19 |    19 ||   100
       Pizza             |       |     1 |       |     1 |     1 |     1 |       ||     4
       Meat ration       |       |       |     1 |       |     5 |     6 |     2 ||    14
       Beef jerky        |       |       |     1 |     4 |     2 |     1 |     1 ||     9
       Royal jelly       |       |       |       |     1 |       |     1 |       ||     2
       Bread ration      |       |       |       |     1 |       |     1 |     1 ||     3
       Fruit             |       |       |       |       |     1 |     6 |       ||     7
